 Dungeon Crawl Stone Soup version 0.32-a0-391-gce5c0aab1b (webtiles) character file.

Game seed: 17219032378349715251

28 Bravepunisher the Ducker (level 2, 16/16 HPs)
             Began as a Spriggan Monk on Feb 19, 2024.
             Was an Initiate of Trog.
             Quit the game on level 5 of the Dungeon.
             The game lasted 00:04:29 (797 turns).

Bravepunisher the Ducker (Spriggan Monk)             Turns: 797, Time: 00:04:30

Health: 16/16      AC:  2    Str:  7    XL:     2   Next: 96%
Magic:  3/3        EV: 19    Int: 11    God:    Trog [......]
Gold:   45         SH:  0    Dex: 17    Spells: 1/1 levels left

rFire   . . .        a - +0 short sword
rCold   . . .        (no shield)
rNeg    . . .        b - +0 robe
rPois   .            (helmet restricted)
rElec   .            (no cloak)
rCorr   .            (gloves unavailable)
SInv    +            (boots unavailable)
Will    .....        (no amulet)
Stlth   ++           (no ring)
HPRegen 0.22/turn    (no ring)
MPRegen 0.08/turn

%: no passive effects
@: very quick
A: very small, no large weapons, unfitting armour, see invisible, speed 3
a: Renounce Religion


You were on level 5 of the Dungeon.
You worshipped Trog.
Trog was noncommittal.
You visited 1 branch of the dungeon, and saw 5 of its levels.

You collected 45 gold pieces.

Inventory:

Hand Weapons
 a - a +0 short sword (weapon)
Armour
 b - a +0 robe (worn)
Scrolls
 d - a scroll of amnesia {unknown}
 e - a scroll of fear {unknown}
 g - 2 scrolls of torment {unknown}
 j - a scroll of enchant weapon {unknown}
Potions
 c - a potion of ambrosia
 f - a potion of invisibility {unknown}
 h - a potion of heal wounds {unknown}
 i - a potion of curing {unknown}
 k - 2 potions of mutation {unknown}


   Skills:
 + Level 2.8 Fighting
 - Level 3.2 Short Blades
 * Level 5.1 Dodging


You had one spell level left.
You didn't know any spells.
Your spell library contained the following spells:

 Spells                   Type           Power      Damage    Failure   Level
 Scorch                   Fire           0%         2d5       47%         2
 Flame Wave               Conj/Fire      0%         2d4       98%         4
 Summon Cactus Giant      Summ           0%         N/A       100%        6


Dungeon Overview and Level Annotations

Branches:
Dungeon (5/15)
 Temple: D:4-7

Altars:
Nemelex Xobeh
Ru
Sif Muna
Trog


Innate Abilities, Weirdness & Mutations

You are very small and have problems with some larger weapons.
You are too small for most types of armour.
You have supernaturally acute eyesight. (SInv)
You cover ground extremely quickly. (Speed+++)


Message History

The orc shouts!
There is a stone staircase leading up here.
You climb upwards.
Found 22 gold pieces.
There is a stone staircase leading down here.
You climb downwards.
You hear the sound of rushing water.
There is an entrance to a sewer on this level.
Hurry and find it before the portal rusts away!
There is a stone staircase leading up here.
The orc closely misses you. The orc attacks as it pursues you!
The orc hits you with a +0 short sword.
Found 7 stones.
Found a viscous red potion.
Found 11 gold pieces.
An adder comes into view.
A jackal comes into view.
A jackal comes into view.
Found 4 poisoned darts.
The adder hisses angrily.
The adder closely misses you. The adder attacks as it pursues you!
The adder completely misses you. The adder attacks as it pursues you!
The adder bites you. As you open the door, it creaks loudly!
There is an open door here.
You close the door.
Found a shimmering blue altar of Sif Muna.
Found a book of Scorching.
Found a bloodstained altar of Trog.
There is a bloodstained altar of Trog here.
You open the door.
There is an open translucent door here.
You hear the slow rusting of a very distant drain.
There is a shimmering blue altar of Sif Muna here.
You pick up a book of Scorching and begin reading...
You add the spells Scorch, Flame Wave and Summon Cactus Giant to your library.
There is a shimmering blue altar of Sif Muna here.
There is an open translucent door here.
There is a bloodstained altar of Trog here.
You kneel at the altar of Trog.
Trog welcomes you!
Are you sure you want to abandon this character and quit the game? (Confirm with "yes".)

...h.... ....#.# #.#
......#.# #.#
########## #.#
####.##### #.#
##..#.....#### #.##
##.......#....## #.S#
##......#.#.....####.#
..........#.##.....#.#
...#ยง@.'._.#.....+.#
..........#.##.....###
##........#.....####
##.......#....##
##.#......####
####.##### ###


There were no monsters in sight!

Vanquished Creatures
  A ball python (D:1)
  2 hobgoblins (D:1)
  3 jackals (D:1)
  2 kobolds
  A quokka (D:1)
  2 bats
  A frilled lizard (D:1)
  4 rats (D:1)
16 creatures vanquished.

Notes
Turn   | Place    | Note
-------+----------+-------------------------------------------
     0 | D:1      | Bravepunisher the Spriggan Monk began the quest for the
                  | Orb.
     0 | D:1      | Reached XP level 1. HP: 11/11 MP: 2/2
   176 | D:1      | Reached XP level 2. HP: 16/16 MP: 3/3
   442 | D:1      | Reached skill level 5 in Dodging
   649 | D:3      | Found a faded altar of an unknown god.
   654 | D:3      | Prayed at the altar of an unknown god.
   654 | D:3      | Became a worshipper of Ru the Awakened
   655 | D:3      | Fell from the grace of Ru
   688 | D:3      | You fall into a shaft and drop 1 floor!
   692 | D:4      | Found a sparkling altar of Nemelex Xobeh.
   708 | D:5      | Entered Level 5 of the Dungeon
   777 | D:5      | Found a shimmering blue altar of Sif Muna.
   779 | D:5      | Found a bloodstained altar of Trog.
   796 | D:5      | Became a worshipper of Trog the Wrathful
   797 | D:5      | Quit the game

Illustrated notes

Levels and vault maps discovered:
D:1:      lightli_arrival_quake, layout_basic
D:2:      layout_basic
D:3:      kennysheep_six_static_rooms, layout_rooms, basic_ecumenical_altar,
          hangedman_glass_teeth, nicolae_hexahallways, minmay_misc_feat_tower
D:4:      layout_loops_ring, tso_metal_star, nemelex_xobeh_ov_fountains_minmay,
          minmay_temple_entry_sparse_star, serial_shops,
          nicolae_book_shop_shelving
D:5:      layout_basic, hellmonk_overflow_destroyed_library,
          evilmike_ruin_ashenzari, nicolae_overflow_crystal_walls,
          mainiacjoe_sewer_entry_somewhere_in_here_2, uniq_pikel,
          uniq_prince_ribbit1, uniq_blork_the_orc

Skill      XL: |  1  2 |
---------------+-------+-----
Dodging        | 5 |  5.1
Fighting       | |  2.8
Short Blades   | |  3.2

Action                     || total
---------------------------++-------
  Melee: Short sword       ||    66
 Invoke: Renounce Religion ||     1
   Stab: Sleeping          ||     2
 Armour: Robe              ||    17
  Dodge: Dodged            ||    55

Table legend: (Time is in decaauts)
 A = Elapsed time spent in this place.
 B = Non-inter-level travel time spent in this place.
 C = Inter-level travel time spent in this place.
 D = Time resting spent in this place.
 E = Time spent auto-exploring this place.
 F = Levels seen in this place.
 G = Mean time per level.
                   A        B        C        D        E       F      G
               +--------+--------+--------+--------+--------+-----+--------+
         Total |    531 |    521 |     10 |      0 |    310 |   5 |  106.2 |
       Dungeon |    531 |    521 |     10 |      0 |    310 |   5 |  106.2 |
               +--------+--------+--------+--------+--------+-----+--------+

Top non-repeatable levels by time:
     D:1: 405 daAuts
     D:5: 55 daAuts
     D:2: 31 daAuts
     D:3: 25 daAuts
     D:4: 14 daAuts
